 Dungeon Crawl Stone Soup version 0.30-a0-364-gf6b3ef1049 (webtiles) character file.

Game seed: 13662607146377280587

399 LnG the Sneak (level 7, -5/38 HPs)
             Began as a Kobold Summoner on Nov 14, 2022.
             Slain by Menkaure (13 damage)
             ... on level 4 of the Dungeon.
             The game lasted 00:06:20 (3389 turns).

LnG the Sneak (Kobold Summoner)                     Turns: 3389, Time: 00:06:20

Health: -5/38      AC:  2    Str:  5    XL:     7   Next: 10%
Magic:  8/11       EV: 16    Int: 19    God:
Gold:   151        SH:  0    Dex: 15    Spells: 3/12 levels left

rFire   . . .      SeeInvis .    i - +0 dagger
rCold   . . .      Faith    .    (no shield)
rNeg    . . .      Spirit   .    a - +0 robe
rPois   .          Reflect  .    (no helmet)
rElec   .          Harm     .    (no cloak)
rCorr   .          Rampage  .    (no gloves)
Will    .....                    (no boots)
Stlth   ++++......               (no amulet)
HPRegen 0.26/turn                (no ring)
MPRegen 0.12/turn                (no ring)

@: no status effects
A: small, no large weapons, nightstalker 3
a: no special abilities


You were on level 4 of the Dungeon.
You visited 1 branch of the dungeon, and saw 4 of its levels.

You collected 151 gold pieces.

Inventory:

Hand Weapons
 i - a +0 dagger (weapon)
 n - a +5 club
Missiles
 o - a throwing net
Armour
 a - a +0 robe (worn)
Scrolls
 c - a scroll of fear {unknown}
 d - 4 scrolls of teleportation
 e - a scroll of amnesia {unknown}
 f - a scroll of summoning {unknown}
 j - a scroll of enchant armour {unknown}
 l - a scroll of identify {unknown}
 m - a scroll of enchant weapon {unknown}
 p - 2 scrolls of noise {unknown}
 q - a scroll of brand weapon {unknown}
 t - a scroll of magic mapping {unknown}
 v - a scroll of poison {unknown}
 w - a scroll of vulnerability {unknown}
 x - a scroll of immolation {unknown}
 y - a scroll of fog {unknown}
Potions
 b - a potion of magic
 g - 2 potions of cancellation {unknown}
 h - 2 potions of heal wounds {unknown}
 k - 3 potions of haste {unknown}
 r - 2 potions of brilliance {unknown}
 s - a potion of curing {unknown}
 u - a potion of lignification {unknown}
 z - a potion of invisibility {unknown}


   Skills:
 + Level 1.4 Fighting
 + Level 2.3 Short Blades
 * Level 4.2 Dodging
 * Level 6.2 Stealth
 + Level 3.2 Spellcasting
 + Level 4.9 Summonings


You had 3 spell levels left.
You knew the following spells:

 Your Spells              Type           Power      Damage    Failure   Level
a - Summon Small Mammal   Summ           84%        N/A       1%          1
b - Call Imp              Summ           21%        N/A       3%          2
c - Call Canine Familiar  Summ           21%        N/A       6%          3
d - Summon Guardian Gole  Hex/Summ       12%        N/A       16%         3

Your spell library contained the following spells:

 Spells                   Type           Power      Damage    Failure   Level
 Freeze                   Ice            12%        1d3       16%         1
 Sting                    Tmut/Pois      12%        1d3       16%         1
 Poisonous Vapours        Pois/Air       6%         N/A       22%         2
 Frozen Ramparts          Ice            6%         1d1       41%         3
 Hailstorm                Conj/Ice       3%         3d3       41%         3
 Summon Lightning Spire   Summ/Air       12%        N/A       47%         4
 Olgreb's Toxic Radiance  Pois           3%         N/A       83%         4


Dungeon Overview and Level Annotations

Branches:
Dungeon (4/15)
 Temple: D:4-7

Altars:
Ru
Uskayaw
The Shining One

Shops:
D:3 (

Annotations:
D:3 Natasha
D:4 Menkaure


Innate Abilities, Weirdness & Mutations

You are small and have problems with some larger weapons.
You are completely attuned to the shadows.


Message History

The hound is almost dead.
Your hound bites the hound but does no damage.
The hound misses your hound.
Your hound bites the hound but does no damage.
The hound barely misses your hound.
You hit the hound.
The hound is almost dead.
Your hound bites the hound.
The hound dies!
You see here a hound corpse.
Found 3 stones.
You see here a hound corpse.
x - a scroll labelled EXOSEU OZAAFY Magic restored.
Your hound disappears in a puff of smoke!
d - 4 scrolls of teleportation (gained 1)
z - a fuming dark potion
Found a dagger.
y - a scroll labelled FAR JE FUA You now have 151 gold pieces (gained 8).
Things that are here:
a +0 hand axe; a +3 ring mail Menkaure, Prince of Dust comes into view.
Menkaure shouts!
Menkaure hits you!!
Casting: Call Canine Familiar (dangerous; 6% risk of failure)
Confirm with . or Enter, or press ? or * to list all spells.
Menkaure misses you.
You hit Menkaure.
Menkaure is lightly damaged.
Menkaure gestures at you while chanting.
Pain shoots through your body!
* * * LOW HITPOINT WARNING * * *
You hit Menkaure.
Menkaure is lightly damaged.
Your hound bites Menkaure.
You hit Menkaure but do no damage. You punch Menkaure.
Menkaure is moderately damaged.
Your hound bites Menkaure.
Menkaure hits you!
You die...

##....# ##.....##
#.......#
##.......##
##.........#
##..........##
.#...........######
..........)..##.hM#
##..............@.#
##...........#####
#.........##
##.###...# #...##
#....# ###...#
.......# .......##


You could see Menkaure (ally target) and a friendly hound (summoned).

Vanquished Creatures
  An orc priest (D:3)
  Natasha (D:3)
  3 adders
  2 dart slugs (D:1)
  3 orcs (D:3)
  A bat (D:1)
  5 endoplasms
  A giant cockroach (D:2)
  4 goblins (D:2)
  3 hobgoblins
  2 jackals (D:4)
  3 quokkas
  4 ball pythons
  A frilled lizard (D:1)
  A kobold (D:3)
  3 rats
38 creatures vanquished.

Vanquished Creatures (collateral kills)
  Sigmund (D:4)
  A hound (D:4)
  Jessica (D:2)
  3 adders
  A worm (D:2)
  4 dart slugs
  An orc (D:4)
  4 goblins
  3 hobgoblins
  A kobold (D:1)
  A ball python (D:2)
  2 bats (D:1)
  A frilled lizard (D:2)
  2 rats (D:1)
26 creatures vanquished.

Vanquished Creatures (others)
  A plant (D:3)
1 creature vanquished.

Grand Total: 65 creatures vanquished

Notes
Turn   | Place    | Note
-------+----------+-------------------------------------------
     0 | D:1      | LnG the Kobold Summoner began the quest for the Orb.
     0 | D:1      | Reached XP level 1. HP: 10/10 MP: 3/3
    94 | D:1      | You fall into a shaft and drop 1 floor!
   285 | D:1      | Reached XP level 2. HP: 15/15 MP: 1/5
   288 | D:1      | Learned a level 2 spell: Call Imp
   649 | D:1      | Reached skill level 3 in Stealth
   761 | D:1      | Reached XP level 3. HP: 19/19 MP: 6/6
  1032 | D:2      | Found a sacrificial altar of Ru.
  1077 | D:2      | Noticed Jessica
  1089 | D:2      | Killed Jessica
  1090 | D:2      | Reached skill level 1 in Short Blades
  1090 | D:2      | Reached XP level 4. HP: 14/24 MP: 3/7
  1313 | D:2      | Learned a level 3 spell: Call Canine Familiar
  1471 | D:2      | Reached XP level 5. HP: 14/28 MP: 7/9
  1856 | D:3      | Reached skill level 4 in Stealth
  1958 | D:3      | Noticed Natasha
  1962 | D:3      | Found a hide-covered altar of Uskayaw.
  1963 | D:3      | Killed Natasha
  1964 | D:3      | Reached skill level 1 in Fighting
  1970 | D:3      | Found Loqu's Antique Weapon Shoppe.
  2045 | D:3      | Found a glowing golden altar of the Shining One.
  2518 | D:3      | Reached XP level 6. HP: 29/34 MP: 6/10
  2640 | D:3      | Noticed Natasha
  2645 | D:3      | Learned a level 3 spell: Summon Guardian Golem
  2950 | D:4      | Noticed Sigmund
  2958 | D:4      | Killed Sigmund
  2959 | D:4      | Reached skill level 6 in Stealth
  3100 | D:4      | Reached XP level 7. HP: 35/38 MP: 11/11
  3382 | D:4      | Noticed Menkaure
  3389 | D:4      | Slain by Menkaure

Illustrated notes

Levels and vault maps discovered:
D:1:      minmay_arrival_four_houses, layout_rooms, roderic_serpentine_path,
          hangedman_decor_clover_reticule, serial_bayou_pond_c,
          minmay_misc_feat_columns, grunt_decor_fettered, minmay_close_crescents
D:2:      kennysheep_the_goblin_king, layout_rooms, basic_altar,
          grunt_ministairs_7, uniq_jessica
D:3:      layout_loops_ring, old_standard_altar, mainiacjoe_overflow_boulevard,
          serial_shops, nicolae_shop_statue_plus, uniq_natasha
D:4:      layout_cave_pods, uniq_sigmund, uniq_menkaure

Skill      XL: |  1  2  3  4  5  6 |
---------------+-------------------+-----
Stealth        | 3 4 6 |  6.2
Short Blades   | 1 2 |  2.3
Dodging        | 3 4 |  4.2
Spellcasting   | 3 |  3.2
Fighting       | 1 |  1.4
Summonings     | |  4.9

Action                   |  1- 3 |  4- 6 |  7- 9 || total
-------------------------+-------+-------+-------++-------
Melee: Unarmed           |    20 |       |       ||    20
       Short sword       |    22 |       |       ||    22
       Punch             |     1 |       |     1 ||     2
       Dagger            |     4 |    95 |    39 ||   138
       Club              |       |    20 |       ||    20
 Cast: Summon Small Mamm |    17 |       |       ||    17
       Call Imp          |     2 |     4 |       ||     6
       Call Canine Famil |       |     5 |     2 ||     7
  Use: Scroll            |       |     1 |       ||     1
 Stab: Sleeping          |     4 |    13 |       ||    17
       Distracted        |       |     3 |       ||     3
Armor: Robe              |     6 |    13 |     5 ||    24
Dodge: Dodged            |    49 |    94 |    41 ||   184

Table legend: (Time is in decaauts)
 A = Elapsed time spent in this place.
 B = Non-inter-level travel time spent in this place.
 C = Inter-level travel time spent in this place.
 D = Time resting spent in this place.
 E = Time spent auto-exploring this place.
 F = Levels seen in this place.
 G = Mean time per level.
                   A        B        C        D        E       F      G
               +--------+--------+--------+--------+--------+-----+--------+
         Total |   3383 |   3311 |     72 |    184 |   2612 |   4 |  845.8 |
       Dungeon |   3383 |   3311 |     72 |    184 |   2612 |   4 |  845.8 |
               +--------+--------+--------+--------+--------+-----+--------+

Top non-repeatable levels by time:
     D:3: 1018 daAuts
     D:1: 1009 daAuts
     D:4: 679 daAuts
     D:2: 677 daAuts
